 Dungeon Crawl Stone Soup version 0.20.2-3-g29329e0561 (webtiles) character file.

123 Alfie the Skirmisher (level 5, 0/46 HPs)
             Began as a Hill Orc Fighter on Dec 20, 2022.
             Killed from afar by Sigmund (3 damage)
             ... with a puff of flame
             ... on level 3 of the Dungeon.
             The game lasted 00:04:50 (1489 turns).

Alfie the Skirmisher (Hill Orc Fighter)             Turns: 1489, Time: 00:04:50

Health: 0/46       AC:  6    Str: 25    XL:     5   Next: 7%
Magic:  5/5        EV:  8    Int:  8    God:
Gold:   64         SH: 10    Dex: 10    Spells: 4/4 levels left

rFire    . . .     SeeInvis .   a - +0 rapier
rCold    . . .     Gourm    .   c - +0 shield
rNeg     + . .     Faith    .   h - +1 ring mail {rN+}
rPois    .         Spirit   .   (no helmet)
rElec    .         Reflect  .   (no cloak)
rCorr    .         Harm     .   (no gloves)
MR       .....                  (no boots)
Stlth    ++........             (no amulet)
Regen    0.2/turn               g - ring of stealth
MPRegen  0.1/turn               (no ring)

@: mighty
A: no striking features
a: no special abilities


You were on level 3 of the Dungeon.
You were not hungry.

You visited 1 branch of the dungeon, and saw 3 of its levels.

You collected 64 gold pieces.

Inventory:

Hand Weapons
 a - a +0 rapier (weapon)
Missiles
 k - 8 tomahawks (quivered)
Armour
 b - a +0 scale mail
 c - a +0 shield (worn)
 h - a +1 ring mail of positive energy (worn)
Jewellery
 g - a ring of stealth (left hand)
Scrolls
 e - a scroll of identify
 n - a scroll of magic mapping {unknown}
 o - a scroll of remove curse
 q - a scroll of enchant armour {unknown}
Potions
 f - a potion of haste {unknown}
 i - a potion of agility {unknown}
 j - a potion of cancellation {unknown}
 l - 3 potions of invisibility {unknown}
 m - a potion of heal wounds {unknown}
Comestibles
 p - 2 meat rations


   Skills:
 + Level 4.2 Fighting
 + Level 3.2 Short Blades
 + Level 4.1 Armour
 + Level 0.7 Dodging
 + Level 0.3 Stealth
 + Level 4.0 Shields


You had 4 spell levels left.
You didn't know any spells.

Dungeon Overview and Level Annotations

Branches:
Dungeon (3/15)

Altars:
The Shining One

Annotations:
D:3 Sigmund


Message History

Sigmund flickers and vanishes!
Deactivating autopickup; reactivate with Ctrl-A.
You block the jackal's attack.
You hit the jackal.
You kill the jackal!
Something hits you. Something hits you!
You hit something. You puncture something! Something hits you.
You miss something. Something hits you!
You hit something. Something hits you!
* * * LOW HITPOINT WARNING * * *
You miss something. You closely miss something. Something hits you!
* * * LOW HITPOINT WARNING * * *
Your shield and ring mail prevent you from hitting something.
You hear some strange, mumbled words.
A puff of flame appears from out of thin air!
The puff of flame hits you!
You die...

##.#.##.#
..r.......#
......#.#
.........# #
#...#†# ........#.#
#...... h......#.#
#...... h..<....#
#..#.#. ......#
##....#.
####.....###.......
+.@{r..............
####g#.......##..#.
#.....###.††.>..
###........)....
#...........#.
#.#...........
#...######....
###.#'######....
#..........#..##


You could see a quokka and a goblin.

Vanquished Creatures
  6 adders (D:2)
  An ooze (D:2)
  A worm (D:2)
  A dart slug (D:1)
  2 leopard geckos (D:1)
  4 giant cockroaches
  6 goblins
  7 hobgoblins
  3 jackals
  A ball python (D:1)
  10 bats
  6 frilled lizards
  6 kobolds
  6 rats
60 creatures vanquished.

Notes
Turn   | Place    | Note
-------+----------+-------------------------------------------
     0 | D:1      | Alfie the Hill Orc Fighter began the quest for the Orb.
     0 | D:1      | Reached XP level 1. HP: 19/19 MP: 1/1
    46 | D:1      | Reached XP level 2. HP: 27/27 MP: 2/2
   404 | D:1      | Reached XP level 3. HP: 33/33 MP: 3/3
   720 | D:2      | Found a glowing golden altar of the Shining One.
   759 | D:2      | Reached XP level 4. HP: 18/40 MP: 4/4
  1412 | D:3      | Reached XP level 5. HP: 46/46 MP: 5/5
  1474 | D:3      | Noticed Sigmund
  1488 | D:3      | HP: 2/46 [something (8)]
  1489 | D:3      | Killed from afar by Sigmund

Skill      XL: |  1  2  3  4 |
---------------+-------------+-----
Fighting       | 4 |  4.2
Short Blades   | 3 |  3.2
Armour         | 4 |  4.1
Shields        | 4 |  4.0
Dodging        | |  0.7
Stealth        | |  0.3

Action                   |  1- 3 |  4- 6 || total
-------------------------+-------+-------++-------
Melee: Rapier            |   110 |   112 ||   222
  Use: Scroll            |     3 |     1 ||     4
       Potion            |       |     1 ||     1
  Eat: Bread ration      |       |     1 ||     1
Armor: Scale mail        |     6 |       ||     6
       Ring mail         |    50 |    30 ||    80
Dodge: Dodged            |    46 |    48 ||    94
Block: Shield            |    68 |    74 ||   142
